 Dungeon Crawl Stone Soup version 0.29-a0-72-g1732ff48e7 (webtiles) character file.

Game seed: 14863328477699781286

4 tatocazan the Bolt Thrower (level 1, -1/16 HPs)
             Began as a Formicid Hunter on Feb 3, 2022.
             Slain by a jackal (3 damage)
             ... on level 1 of the Dungeon.
             The game lasted 00:00:14 (19 turns).

tatocazan the Bolt Thrower (Formicid Hunter)          Turns: 19, Time: 00:00:15

Health: -1/16      AC:  3    Str: 16    XL:     1   Next: 77%
Magic:  1/1        EV: 11    Int: 10    God:
Gold:   0          SH:  0    Dex: 11    Spells: 0/0 levels left

rFire   . . .      SeeInvis +   a - +1 hand crossbow
rCold   . . .      Faith    .   (no shield)
rNeg    . . .      Spirit   .   c - +0 leather armour
rPois   .          Reflect  .   (helmet unavailable)
rElec   .          Harm     .   (no cloak)
rCorr   .          Rampage  .   (no gloves)
Will    .....                   (no boots)
Stlth   +.........              (no amulet)
HPRegen 0.05/turn               (no ring)
MPRegen 0.07/turn               (no ring)

@: no status effects
A: permanent stasis, dig shafts and tunnels, antennae 3, four strong arms
a: Dig, Shaft Self


You were on level 1 of the Dungeon.
You visited 1 branch of the dungeon, and saw 1 of its levels.

Inventory:

Hand Weapons
 a - a +1 hand crossbow (weapon)
 b - a +0 short sword
Missiles
 d - 3 bolts (quivered ammo)
Armour
 c - a +0 leather armour (worn)


   Skills:
 + Level 2.3 Fighting
 + Level 0.2 Short Blades
 + Level 4.0 Crossbows
 + Level 0.3 Armour
 + Level 1.8 Dodging
 - Level 1.2 Stealth


You couldn't memorise any spells.
You didn't know any spells.
Your spell library was empty.

Dungeon Overview and Level Annotations

Branches:
Dungeon (1/15)

Altars:


Innate Abilities, Weirdness & Mutations

You cannot be hasted, slowed, berserked, paralysed or teleported.
You can dig through walls and to a lower floor.
You have a pair of large antennae on your head. (SInv)
Your four strong arms can wield two-handed weapons with a shield.


Message History

You shoot a bolt. The bolt hits the jackal.
The jackal is heavily wounded.
The bat hits you but does no damage. The jackal closely misses you.
The hobgoblin hits you. The jackal bites you. The hobgoblin hits you.
You take 4 damage, and have 8/16 hp.
MASSIVE DAMAGE!!
You are too injured to fight recklessly!
You are too injured to fight recklessly!
You are too injured to fight recklessly!
You are too injured to fight recklessly!
Fire: 7 bolts
Press: ? - help, Q - select action, (/) - cycle Shift-Dir - straight line, f/p - jackal
Aim: a jackal (heavily wounded, 58% to hit)
You shoot a bolt. The bolt barely misses the jackal.
The bat barely misses you.
The jackal bites you but does no damage.
The hobgoblin hits you but does no damage.
The jackal closely misses you.
Fire: 6 bolts
Press: ? - help, Q - select action, (/) - cycle Shift-Dir - straight line, f/p - jackal
Aim: a jackal (moderately wounded, 58% to hit)
You shoot a bolt. The bolt barely misses the jackal.
The bat misses you. The jackal closely misses you.
The hobgoblin barely misses you. The jackal bites you.
You take 3 damage, and have 5/16 hp.
Fire: 5 bolts
Press: ? - help, Q - select action, (/) - cycle Shift-Dir - straight line, f/p - jackal
Aim: a jackal (moderately wounded, 58% to hit)
You shoot a bolt. The bolt barely misses the jackal.
The bat misses you. The hobgoblin barely misses you. The jackal misses you.
The hobgoblin hits you.
* * * LOW HITPOINT WARNING * * *
The jackal barely misses you.
You take 3 damage, and have 2/16 hp.
Fire: 4 bolts
Press: ? - help, Q - select action, (/) - cycle Shift-Dir - straight line, f/p - jackal
Aim: a jackal (moderately wounded, 58% to hit)
You shoot a bolt. The bolt barely misses the jackal.
The bat closely misses you. The bat hits you but does no damage.
The jackal bites you.
You die...

((...(. ... ..
(....( ... ....
#..... ....
#....##....# .....
#......(..(##.....
................#
.........(hg....##
.........(@.......
..................
..........b.......
.......<..........
.......>..........
..................
.................#
.................#
.................


You could see a jackal, a hobgoblin and a bat.

Vanquished Creatures
  3 jackals (D:1)
  A rat (D:1)
4 creatures vanquished.

Notes
Turn   | Place    | Note
-------+----------+-------------------------------------------
     0 | D:1      | tatocazan the Formicid Hunter began the quest for the Orb.
     0 | D:1      | Reached XP level 1. HP: 16/16 MP: 1/1
    19 | D:1      | Slain by a jackal

Illustrated notes

Levels and vault maps discovered:
D:1:      dpeg_arrival_stonehenge_12_columns, layout_basic,
          chequers_ecumenical_altar_simple

Action                   || total
-------------------------++-------
 Fire: Hand crossbow     ||    17
Armor: Leather armour    ||    15
Dodge: Dodged            ||    26

Table legend: (Time is in decaauts)
 A = Elapsed time spent in this place.
 B = Non-inter-level travel time spent in this place.
 C = Inter-level travel time spent in this place.
 D = Time resting spent in this place.
 E = Time spent auto-exploring this place.
 F = Levels seen in this place.
 G = Mean time per level.
                   A        B        C        D        E       F      G
               +--------+--------+--------+--------+--------+-----+--------+
         Total |     23 |     23 |      0 |      0 |      1 |   1 |   23.0 |
       Dungeon |     23 |     23 |      0 |      0 |      1 |   1 |   23.0 |
               +--------+--------+--------+--------+--------+-----+--------+

Top non-repeatable levels by time:
     D:1: 23 daAuts
